 Dungeon Crawl Stone Soup version 0.24-a0-250-g6074511092 (webtiles) character file.

Game seed: 9600805784240188815

139 Esekla the Skirmisher (level 5, -6/43 HPs)
             Began as a Formicid Abyssal Knight on Apr 14, 2019.
             Was a Believer of Lugonu.
             Mangled by Natasha (7 damage)
             ... on level 2 of the Dungeon.
             The game lasted 00:15:34 (2116 turns).

Esekla the Skirmisher (Formicid Abyssal Knight)     Turns: 2116, Time: 00:15:36

Health: -6/43      AC:  6    Str: 17    XL:     5   Next: 46%
Magic:  6/6        EV: 11    Int: 12    God:    Lugonu [**....]
Gold:   145        SH:  0    Dex: 10    Spells: 4/4 levels left

rFire    . . .     SeeInvis +   a - +1 hand axe
rCold    . . .     Gourm    .   (no shield)
rNeg     . . .     Faith    +   t - +0 ring mail
rPois    .         Spirit   .   (helmet unavailable)
rElec    .         Reflect  .   w - +0 cloak
rCorr    .         Harm     .   (no gloves)
MR       .....                  (no boots)
Stlth    ..........             n - amulet of faith
HPRegen  0.14/turn              x - ring of flight
MPRegen  0.10/turn              (no ring)

@: no status effects
A: permanent stasis, dig shafts and tunnels, four strong arms, antennae 3
a: Dig, Shaft Self, Depart the Abyss, Bend Space, Renounce Religion, Evoke
Flight


You were on level 2 of the Dungeon.
You worshipped Lugonu.
Lugonu was pleased with you.
You were not hungry.

You visited 1 branch of the dungeon, and saw 3 of its levels.
You visited the Abyss 1 time.

You collected 145 gold pieces.

Inventory:

Hand Weapons
 a - a +1 hand axe (weapon)
 q - a +2 short sword of holy wrath
 r - a +0 trident
Armour
 b - a +0 leather armour
 t - a +0 ring mail (worn)
 w - a +0 cloak (worn)
Jewellery
 n - an amulet of faith (around neck)
 x - a ring of flight (left hand)
Wands
 s - a wand of polymorph (7)
Scrolls
 d - 3 scrolls of identify {unknown}
 e - 2 scrolls of enchant weapon {unknown}
 f - 3 scrolls of remove curse {unknown}
 h - a scroll of enchant armour {unknown}
 i - a scroll of random uselessness {unknown}
 j - a scroll of fog {unknown}
 o - a scroll of teleportation {unknown}
 p - a scroll of fear {unknown}
Potions
 g - a potion of heal wounds {unknown}
 k - a potion of invisibility {unknown}
 l - a potion of agility {unknown}
 m - 2 potions of degeneration {unknown}
 u - a potion of curing {unknown}
 v - a potion of might {unknown}
Comestibles
 c - 7 rations


   Skills:
 * Level 4.4 Fighting
 * Level 3.5 Axes
 + Level 3.2 Armour
 + Level 1.3 Dodging
 + Level 2.3 Invocations


You had 4 spell levels left.
You didn't know any spells.
Your spell library was empty.

Dungeon Overview and Level Annotations

Branches:
Dungeon (3/15)

Altars:
Zin

Annotations:
D:2 Natasha


Innate Abilities, Weirdness & Mutations

You cannot be hasted, slowed, berserked, paralysed or teleported.
You can dig through walls and to a lower floor.
Your four strong arms can wield two-handed weapons with a shield.
You have a pair of large antennae on your head. (SInv)


Message History

Natasha is severely wounded.
You hit the crimson imp. You closely miss the shadow imp.
The shadow imp closely misses you. The crimson imp closely misses you.
Natasha claws you but does no damage.
You barely miss Natasha.
Natasha is severely wounded.
You hit the crimson imp but do no damage.
You hit the shadow imp. The shadow imp hits you. Natasha casts a spell at you.
The magic dart hits you.
* * * LOW HITPOINT WARNING * * *
The crimson imp blinks!
You barely miss Natasha.
Natasha is severely wounded.
You hit the shadow imp. The shadow imp gestures at you.
Pain shoots through your body!
* * * LOW HITPOINT WARNING * * *
Natasha claws you!
You die...

###..# #. {..### # #..# #.
##.... ###..# #. #....#
..(.{# #. #....# ##...#
#.##.#.# #...# #..5...#
#.^.# ##.....# #...#
#...h§# #######
##...#######...5@# #.....#
...<..........##.####.....#
..............##..........#
............#.#######.(...#
##...########.....# #.....#
#...# #####.# ####### #...#
#.# #...# ####.#### #...##
######.......#


You could see Natasha, a crimson imp and a shadow imp.

Vanquished Creatures
  Crazy Yiuf (D:2)
  Natasha (D:2)
  An adder (D:2)
  An ooze (D:1)
  A worm (D:3)
  2 dart slugs
  2 leopard geckos
  8 bats
  3 giant cockroaches (D:1)
  8 goblins
  5 hobgoblins
  9 jackals
  7 kobolds
  A quokka (D:2)
  3 frilled lizards
  9 rats
62 creatures vanquished.

Notes
Turn   | Place    | Note
-------+----------+-------------------------------------------
     0 | Abyss:1  | Esekla the Formicid Abyssal Knight began the quest for the
                  | Orb.
     0 | Abyss:1  | Reached XP level 1. HP: 18/18 MP: 2/2
   133 | Abyss:2  | Noticed a rust devil
   145 | D:1      | Escaped the Abyss
   173 | D:1      | Reached XP level 2. HP: 21/24 MP: 3/3
   215 | D:1      | Reached * piety under Lugonu
   467 | D:1      | Reached XP level 3. HP: 30/30 MP: 4/4
   682 | D:1      | Reached skill level 4 in Fighting
   776 | D:1      | Reached skill level 1 in Dodging
   896 | D:2      | Found a glowing silver altar of Zin.
   986 | D:2      | Noticed Natasha
  1007 | D:1      | Reached XP level 4. HP: 28/37 MP: 5/5
  1007 | D:1      | Reached ** piety under Lugonu
  1249 | D:2      | Killed Natasha
  1336 | D:2      | Reached XP level 5. HP: 34/43 MP: 6/6
  1409 | D:2      | Found a runed translucent door.
  1410 | D:2      | Noticed Crazy Yiuf
  1418 | D:2      | Killed Crazy Yiuf
  1523 | D:2      | You fall through a shaft!
  2095 | D:2      | Noticed Natasha
  2116 | D:2      | HP: 1/43 [shadow imp/nerve-wracking pain[Natasha] (9)]
  2116 | D:2      | Mangled by Natasha

Levels and vault maps discovered:
D:1:      wander_arrival_chamber, layout_loops_ring
D:2:      layout_loops_cross, zin_academy, first_ration, uniq_natasha,
          uniq_robin, uniq_crazy_yiuf_cottage
D:3:      layout_loops_corners, led_sif_pool
Abyss:1
Abyss:2:  evilmike_abyss_exit_7

Skill      XL: |  1  2  3  4 |
---------------+-------------+-----
Armour         | 3 |  3.2
Fighting       | 4 |  4.4
Dodging        | 1 |  1.3
Axes           | 3 |  3.5
Invocations    | |  2.3

Action                   |  1- 3 |  4- 6 || total
-------------------------+-------+-------++-------
Melee: Hand axe          |    97 |    96 ||   193
Invok: Depart the Abyss  |     1 |       ||     1
  Eat: Ration            |       |     2 ||     2
Armor: Leather armour    |    41 |     2 ||    43
       Ring mail         |       |    23 ||    23
Dodge: Dodged            |    88 |    53 ||   141

Table legend:
 A = Non-vault XP
 B = Vault XP
 C = Vault XP percentage of total XP
 D = Non-vault monster count
 E = Vault monster count
 F = Vault count percentage of total count
                 A         B        C        D         E       F
            +---------+---------+-------+---------+---------+-------
      Total |     125 |      74 |  37.2 |      60 |       2 |   3.2
            +---------+---------+-------+---------+---------+-------
        D:1 |      64 |       0 |   0.0 |      34 |       0 |   0.0
        D:2 |      44 |      74 |  62.7 |      18 |       2 |  10.0
        D:3 |      17 |       0 |   0.0 |       8 |       0 |   0.0
            +---------+---------+-------+---------+---------+-------
